 Dungeon Crawl Stone Soup version 0.28-a0-828-g0121872642 (webtiles) character file.

Game seed: 16302266088448928642

100 adelrune the Magician (level 5, 0/38 HPs)
             Began as a Djinni Ice Elementalist on Nov 10, 2021.
             Was a Follower of Qazlal.
             Slain by a gnoll (1 damage)
             ... on level 2 of the Dungeon.
             The game lasted 00:06:20 (2377 turns).

adelrune the Magician (Djinni Ice Elementalist)     Turns: 2377, Time: 00:06:21

Health: 0/38       AC:  2    Str:  7    XL:     5   Next: 3%
Gold:   45         EV: 12    Int: 17    God:    Qazlal [*.....] SH:  2 Dex: 14

rFire   + + .      SeeInvis .   (no weapon)
rCold   x . .      Faith    .   (no shield)
rNeg    . . .      Spirit   .   a - +0 robe
rPois   ∞          Reflect  .   (no helmet)
rElec   .          Harm     .   (no cloak)
rCorr   .          Rampage  .   (no gloves)
Will    .....                   (boots unavailable)
Stlth   ++........              (no amulet)
HPRegen 0.12/turn               (no ring)
MPRegen 0.00/turn               (no ring)

@: flying
A: sickness immunity, fire resistance 2, cold vulnerability 1, float, innate
caster, hp casting, extra vitality 1
a: Renounce Religion


You were on level 2 of the Dungeon.
You worshipped Qazlal.
Qazlal was aware of your devotion.
You visited 1 branch of the dungeon, and saw 2 of its levels.

You collected 45 gold pieces.

Inventory:

Armour
 a - a +0 robe (worn)
Scrolls
 c - a scroll of immolation {unknown}
 d - a scroll of magic mapping {unknown}
 f - a scroll of identify {unknown}
Potions
 b - a potion of haste {unknown}
 e - a potion of invisibility {unknown}


   Skills:
 + Level 2.1 Fighting
 - Level 2.1 Dodging
 - Level 1.5 Stealth
 * Level 4.3 Spellcasting


You couldn't memorise any spells.
You knew the following spells:

 Your Spells              Type           Power      Damage    Failure   Level
a - Freeze                Ice            72%        1d9       2%          1
b - Frozen Ramparts       Ice            36%        1d5       8%          3
c - Ozocubu's Armour      Ice            18%        N/A       8%          3
d - Hailstorm             Conj/Ice       18%        3d6       26%         4
e - Animate Skeleton      Necr           36%        N/A       2%          1
f - Ensorcelled Hibernat  Hex/Ice        36%        N/A       4%          2
Your spell library was empty.

Dungeon Overview and Level Annotations

Branches:
Dungeon (2/15)

Altars:
Qazlal


Innate Abilities, Weirdness & Mutations

You are immune to sickness and miasma.
You are immune to poison.
Your flesh is very heat resistant. (rF++)
You are vulnerable to cold. (rC-)
You float through the air rather than walking.
You learn spells naturally, not from books.
Your magical power is your life essence.
You have superior vitality. (+4 HP)


Message History

Casting: Freeze (safe; 2% risk of failure)
Confirm with . or Enter, or press ? or * to list all spells.
Aiming: Ensorcelled Hibernation (safe; 4% risk of failure)
Press: ? - help, Shift-Dir - straight line, f - gnoll
Aim: a gnoll, wielding a +0 halberd (severely wounded, unaware, hasn't noticed you, chance to affect: 57%)
The gnoll looks drowsy...
The gnoll misses you. The gnoll hits you with a +0 halberd!
* * * LOW HITPOINT WARNING * * *
Things that are here:
a +0 whip; a +0 club; a gnoll corpse
Casting: Ensorcelled Hibernation (safe; 4% risk of failure)
Confirm with . or Enter, or press ? or * to list all spells.
Aiming: Ensorcelled Hibernation (safe; 4% risk of failure)
Press: ? - help, Shift-Dir - straight line, f - you, p - gnoll That would be overly suicidal.
Okay, then.
Casting: Ensorcelled Hibernation (safe; 4% risk of failure)
Confirm with . or Enter, or press ? or * to list all spells.
Aiming: Ensorcelled Hibernation (safe; 4% risk of failure)
Press: ? - help, Shift-Dir - straight line, f - gnoll
Aim: a gnoll, wielding a +0 halberd (heavily wounded, not susceptible)
The gnoll is unaffected.
* * * LOW HITPOINT WARNING * * *
The gnoll barely misses you.
Casting: Ensorcelled Hibernation (safe; 4% risk of failure)
Confirm with . or Enter, or press ? or * to list all spells.
Aiming: Ensorcelled Hibernation (safe; 4% risk of failure)
Press: ? - help, Shift-Dir - straight line, f/p - gnoll
Aim: a gnoll, wielding a +0 halberd (heavily wounded, not susceptible)
The gnoll is unaffected.
* * * LOW HITPOINT WARNING * * *
The gnoll barely misses you.
Casting: Ensorcelled Hibernation (safe; 4% risk of failure)
Confirm with . or Enter, or press ? or * to list all spells.
You don't have enough health to cast this spell.
You hit the gnoll but do no damage.
The gnoll is heavily wounded.
The gnoll hits you with a +0 halberd.
You die...

...........####.#
.........### #.#
...).:...# #.##
.........# #..#
.........# ##.#
.........# #.#
.........# #.#
.........# #.#
.........# #@#
.........##. #g##
######....#..g##..#
### .........# ...
[..........# ###
#######....# ...
#....# ### ######


You could see a gnoll.

Vanquished Creatures
  3 gnolls (D:2)
  2 adders
  6 dart slugs (D:1)
  4 ball pythons (D:1)
  2 endoplasms (D:1)
  A giant cockroach (D:1)
  2 goblins
  4 hobgoblins (D:1)
  2 quokkas (D:1)
  5 bats
  3 frilled lizards
  6 kobolds
  3 rats (D:1)
43 creatures vanquished.

Notes
Turn   | Place    | Note
-------+----------+-------------------------------------------
     0 | D:1      | adelrune the Djinni Ice Elementalist began the quest for
                  | the Orb.
     0 | D:1      | Reached XP level 1. HP: 15/15 MP: 0/0
   277 | D:1      | Reached XP level 2. HP: 17/22 MP: 0/0
   526 | D:1      | Reached skill level 1 in Fighting
   636 | D:1      | Found a faded altar of an unknown god.
   659 | D:1      | Prayed at the altar of an unknown god.
   659 | D:1      | Became a worshipper of Qazlal Stormbringer
   659 | D:1      | Reached * piety under Qazlal
   701 | D:1      | Reached XP level 3. HP: 18/27 MP: 0/0
   701 | D:1      | Learned a level 1 spell: Animate Skeleton
  2040 | D:1      | Reached skill level 4 in Spellcasting
  2040 | D:1      | Reached XP level 4. HP: 21/33 MP: 0/0
  2367 | D:2      | Reached XP level 5. HP: 20/38 MP: 0/0
  2367 | D:2      | Learned a level 2 spell: Ensorcelled Hibernation
  2377 | D:2      | Slain by a gnoll

Illustrated notes

Levels and vault maps discovered:
D:1:      dpeg_cavernosity, layout_loops_ring, ebering_ecumenical_altar_hall,
          st_stairs_11, chequers_serial_rivers_room_b
D:2:      minmay_evil_eye, layout_rooms

Skill      XL: |  1  2  3  4 |
---------------+-------------+-----
Fighting       | 1 2 |  2.1
Spellcasting   | 4 |  4.3
Dodging        | |  2.1
Stealth        | |  1.5

Action                   |  1- 3 |  4- 6 || total
-------------------------+-------+-------++-------
Melee: Unarmed           |    37 |     2 ||    39
 Cast: Freeze            |    39 |    15 ||    54
       Animate Skeleton  |     4 |     1 ||     5
       Frozen Ramparts   |     3 |     1 ||     4
       Ozocubu's Armour  |       |     1 ||     1
       Ensorcelled Hiber |       |     3 ||     3
Armor: Robe              |    13 |     3 ||    16
Dodge: Dodged            |    41 |    12 ||    53
Block: Other             |     3 |     2 ||     5

Table legend: (Time is in decaauts)
 A = Elapsed time spent in this place.
 B = Non-inter-level travel time spent in this place.
 C = Inter-level travel time spent in this place.
 D = Time resting spent in this place.
 E = Time spent auto-exploring this place.
 F = Levels seen in this place.
 G = Mean time per level.
                   A        B        C        D        E       F      G
               +--------+--------+--------+--------+--------+-----+--------+
         Total |   2378 |   2359 |     19 |   1071 |    963 |   2 | 1189.0 |
       Dungeon |   2378 |   2359 |     19 |   1071 |    963 |   2 | 1189.0 |
               +--------+--------+--------+--------+--------+-----+--------+

Top non-repeatable levels by time:
     D:1: 2141 daAuts
     D:2: 237 daAuts
